 Dungeon Crawl Stone Soup version 0.26.0-10-g1f06aea511 (webtiles) character file.

Game seed: 8585851306662729864

57649 Arum the Warrior (level 14, -1/98 HPs)
             Began as a Gargoyle Fighter on Jan 18, 2021.
             Was the Champion of the Shining One.
             Slain by Donald
             ... wielding a +0 vorpal long sword
              (3 damage)
             ... on level 2 of the Orcish Mines.
             The game lasted 00:34:14 (19143 turns).

Arum the Warrior (Gargoyle Fighter)                Turns: 19143, Time: 00:34:16

Health: -1/98      AC: 30    Str: 26      XL:     14   Next: 87%
Magic:  7/7        EV: 12    Int:  7 (8)  God:    the Shining One [******]
Gold:   1489       SH: 13    Dex: 12      Spells: 13/13 levels left

rFire    + + +     SeeInvis +   e - +3 whip
rCold    + + .     Faith    .   c - +0 kite shield
rNeg     + + +     Spirit   .   I - +5 chain mail "Damnable Contraption" {-Tele rF+++ rC+ SInv}
rPois    ∞         Reflect  .   (no helmet)
rElec    +         Harm     .   j - scarf {rC+ rF+}
rCorr    .         Rampage  .   X - +0 pair of gloves
Will     ++...     Rnd*Rage +   (no boots) Stlth ..........NoTele +
                                D - amulet of regeneration
HPRegen  0.66/turn              K - +4 ring of evasion
MPRegen  0.10/turn              G - ring "Wufasuth" {rPois rN+ Will+ MP-9 Dex+3}

@: flying, glowing
A: big wings, berserk 1, negative energy resistance 1, electricity resistance,
unbreathing, petrification resistance, miasma immunity, AC +10
a: Stop Flying, Renounce Religion, Divine Shield, Cleansing Flame, Summon Divine
Warrior, Brand Weapon With Holy Wrath


You were on level 2 of the Orcish Mines.
You worshipped the Shining One.
The Shining One was exalted by your worship.
You visited 2 branches of the dungeon, and saw 17 of its levels.

You collected 1755 gold pieces.
You spent 266 gold pieces at shops.

Inventory:

Hand Weapons
 a - a +0 flail
 e - a +3 whip (weapon)
 L - a +4 scimitar of flaming
 Y - a +0 dire flail
Missiles
 V - 2 throwing nets (quivered)
Armour
 c - a +0 kite shield (worn)
 j - a scarf of resistance (worn)
 y - a +0 cloak
 I - the +5 chain mail "Damnable Contraption" (worn) {-Tele rF+++ rC+ SInv}
   (You bought it in a shop on level 4 of the Dungeon)

   It renders you almost immune to fire.
   It protects you from cold.
   It lets you see invisible.
   It prevents most forms of teleportation.
 Q - +0 ice dragon scales
 X - a +0 pair of gloves (worn)
Jewellery
 x - an uncursed ring of see invisible
 D - an amulet of regeneration (around neck)
 G - the ring "Wufasuth" (right hand) {rPois rN+ Will+ MP-9 Dex+3}
   (You found it on level 5 of the Dungeon)

   [ring of poison resistance]

   It affects your dexterity (+3).
   It protects you from poison.
   It protects you from negative energy.
   It affects your willpower, your defense against some magical effects.
   It affects your magic capacity (-9).
 K - a +4 ring of evasion (left hand)
 P - a +4 ring of evasion
Wands
 r - a wand of flame (21)
 M - a wand of polymorph (4)
 S - a wand of digging (10)
 T - a wand of paralysis (3)
 U - a wand of acid (8)
Scrolls
 b - a scroll of random uselessness
 h - 5 scrolls of enchant armour
 i - 12 scrolls of remove curse
 k - 2 scrolls of fear
 m - 3 scrolls of teleportation
 p - 2 scrolls of fog
 s - a scroll of noise
 w - a scroll of blinking
 A - 6 scrolls of amnesia
 E - 2 scrolls of magic mapping
 J - a scroll of immolation
 N - 4 scrolls of enchant weapon
Potions
 d - 3 potions of might
 f - 9 potions of curing
 g - 3 potions of mutation
 l - 4 potions of haste
 q - a potion of berserk rage
 t - a potion of ambrosia
 v - 4 potions of flight
 B - a potion of lignification
 C - a potion of magic
 F - 4 potions of degeneration
 O - 4 potions of attraction
 R - 2 potions of brilliance
 Z - a potion of resistance
Miscellaneous
 W - a lightning rod (4/4)


   Skills:
 + Level 15.5 Fighting
 - Level 12.0 Maces & Flails
 - Level 15.3 Armour
 + Level 11.2 Shields
 * Level 3.6 Invocations


You had 13 spell levels left.
You didn't know any spells.
Your spell library contained the following spells:

 Spells                   Type           Power        Failure   Level
 Animate Skeleton         Necr           0%           96%         1
 Apportation              Tloc           0%           96%         1
 Corona                   Hex            0%           96%         1
 Freeze                   Ice            0%           96%         1
 Sandblast                Erth           0%           96%         1
 Summon Small Mammal      Summ           0%           96%         1
 Passwall                 Tmut/Erth      0%           99%         2
 Poisonous Vapours        Pois/Air       0%           99%         2
 Conjure Flame            Conj/Fire      0%           100%        3
 Frozen Ramparts          Ice            0%           100%        3
 Mephitic Cloud           Conj/Pois/Air  0%           100%        3
 Ozocubu's Armour         Ice            0%           100%        3
 Stone Arrow              Conj/Erth      0%           100%        3
 Hailstorm                Conj/Ice       0%           100%        4
 Petrify                  Tmut/Erth      0%           100%        4
 Summon Ice Beast         Ice/Summ       0%           100%        4
 Lee's Rapid Deconstruct  Erth           0%           100%        5
 Freezing Cloud           Conj/Ice/Air   0%           100%        6


Dungeon Overview and Level Annotations

Branches:
Dungeon (15/15)            Temple (0/1) D:5            Lair (0/6) D:10
    Orc (2/2) D:10            Elf (0/3) Orc:2        Vaults (0/5) D:13
 Depths (0/5) D:15

Altars:
Cheibriados
Dithmenos
Elyvilon
Fedhas
Gozag
Kikubaaqudgha
Makhleb
Qazlal
Ru
Vehumet
Wu Jian
Xom
Yredelemnul
The Shining One

Shops:
D:4 ([   D:5 (   Orc:1 (

Annotations:
D:9 3 runed translucent doors, Raspi's ghost, novice FoHu
Orc:2 Donald


Innate Abilities, Weirdness & Mutations

You are resistant to torment.
Your stone body is resilient. (AC +10)
You are immune to poison.
Your large and strong wings let you fly indefinitely.
You resist negative energy. (rN+)
You are resistant to electric shocks. (rElec)
You can survive without breathing.
You are immune to petrification.
You are immune to miasma.
You tend to lose your temper in combat.


Message History

Donald blocks your attack.
Donald is heavily wounded.
Unknown command.
You hit Donald.
Donald is severely wounded.
You block Donald's attack. Donald blocks your attack.
Donald is heavily wounded.
You block Donald's attack.
You hit Donald.
Donald is severely wounded.
Donald blocks your attack.
Donald is severely wounded.
Donald hits you with a +0 vorpal long sword!!
* * * LOW HITPOINT WARNING * * *
x2 You whack Donald!
Donald is severely wounded.
Donald hits you with a +0 vorpal long sword!
* * * LOW HITPOINT WARNING * * *
You die...

###......^# ##......##
##.#..#...####..#.....##
###.....##....#..###.....#
#.......###......# ##...##
#......#####.....#####..#
###....##.........##...##
#.....#........###...##
#.....#...##..........#
##...)..#####.@......## #
##.......###..@.^.##.# .
##.......##....#.#..#
.#####........##........#
..............####.#....#
#......###.....# ####...##
#.....######)).## #.....#
.)......##..))..# #..........
.........#..<).##.............


You could see Donald (fast, strong, corroded).

Vanquished Creatures
  Rupert (Orc:1)
  Snorg (D:14)
  Josephine (D:14)
  Harold (D:11)
  A boulder beetle (D:13)
  4 hydras
  A catoblepas (D:14)
  Erica (D:8)
  4 centaur warriors
  6 two-headed ogres
  3 death yaks (D:9)
  A tengu warrior (D:13)
  An orc high priest (Orc:2)
  A shock serpent (D:9)
  A deep elf knight (D:13)
  3 skeletal warriors
  4 unseen horrors
  A glowing orange brain (D:15)
  A fire crab (D:8)
  4 deep elf magi
  A wolf spider zombie (D:15)
  An orc knight (D:13)
  3 cyclopes
  3 manticores (D:15)
  2 orc sorcerers
  3 ugly things
  A shining eye (shapeshifter) (D:15)
  Maurice (D:13)
  Psyche (D:8)
  Maggie (D:7)
  A cane toad (shapeshifter) (D:15)
  A kobold demonologist (D:13)
  A yaktaur (shapeshifter) (D:15)
  A freezing wraith (D:11)
  3 yaktaurs (D:15)
  A jumping spider (shapeshifter) (D:15)
  A tengu conjurer (D:13)
  5 trolls
  A hornet (D:14)
  10 slime creatures
  A raiju (shapeshifter) (D:15)
  Prince Ribbit (D:8)
  39 yaks
  5 wyverns
  A shadow (D:11)
  A vampire (D:13)
  A steam dragon (D:11)
  7 wraiths
  Grum (D:9)
  3 basilisks
  3 wargs
  A soldier ant (D:13)
  A meliai simulacrum (D:15)
  An ice beast (D:13)
  3 sky beasts
  A sky beast (shapeshifter) (D:15)
  A phantom (D:8)
  15 orc warriors
  A necrophage (D:9)
  10 ogres
  An ice beast (shapeshifter) (D:13)
  4 black bears
  2 wolves (D:8)
  11 centaurs
  Blork the orc (D:5)
  13 big kobolds
  12 bullfrogs
  3 gnoll sergeants
  A wyvern skeleton (D:9)
  5 scorpions
  2 water moccasin skeletons
  21 killer bees
  A howler monkey (D:12)
  5 centaur zombies
  4 bullfrog zombies
  6 hounds
  7 jellies
  A quasit (D:9)
  15 orc priests
  Crazy Yiuf (D:3)
  18 orc wizards
  5 bullfrog skeletons
  4 centaur skeletons
  A gnoll shaman (D:4)
  4 iguanas
  7 worker ants
  A killer bee zombie (D:9)
  2 hound zombies
  A hound skeleton (D:9)
  A worker ant zombie (D:11)
  13 gnolls
  11 adders
  A howler monkey skeleton (D:2)
  3 shadow imps
  4 white imps
  An ufetubus (D:8)
  17 oozes
  2 adder skeletons (D:9)
  An adder zombie (D:9)
  2 worms
  A dart slug (D:2)
  5 leopard geckos
  62 orcs
  8 giant cockroaches
  6 goblins
  6 hobgoblins
  5 jackals
  3 quokkas
  10 bats
  4 frilled lizards
  28 kobolds
  A leopard gecko zombie (D:5)
  2 quokka skeletons (D:5)
  7 rats
  A butterfly (D:7)
544 creatures vanquished.

Vanquished Creatures (others)
  7 fungi (D:7)
7 creatures vanquished.

Grand Total: 551 creatures vanquished

Notes
Turn   | Place    | Note
-------+----------+-------------------------------------------
     0 | D:1      | Arum the Gargoyle Fighter began the quest for the Orb.
     0 | D:1      | Reached XP level 1. HP: 14/14 MP: 1/1
   205 | D:1      | Reached XP level 2. HP: 18/19 MP: 2/2
   391 | D:1      | Reached XP level 3. HP: 17/23 MP: 3/3
  1090 | D:2      | Reached XP level 4. HP: 29/29 MP: 4/4
  1771 | D:3      | Reached XP level 5. HP: 33/33 MP: 5/5
  2125 | D:3      | Found a glowing golden altar of the Shining One.
  2174 | D:3      | Became a worshipper of the Shining One
  2608 | D:3      | Found a runed translucent door.
  2609 | D:3      | Noticed Crazy Yiuf
  2792 | D:3      | Killed Crazy Yiuf
  2870 | D:4      | Reached XP level 6. HP: 26/39 MP: 6/6
  3367 | D:4      | Reached skill level 5 in Armour
  3411 | D:4      | Reached skill level 5 in Fighting
  3672 | D:4      | Found Reanan's Antique Armour Shoppe.
  3702 | D:4      | Reached XP level 7. HP: 44/44 MP: 7/7
  4344 | D:4      | Found Pippeoj's Weapon Shoppe.
  4381 | D:5      | Entered Level 5 of the Dungeon
  4388 | D:5      | Found a sacrificial altar of Ru.
  4440 | D:5      | Found a staircase to the Ecumenical Temple.
  4549 | D:5      | Found a basalt altar of Yredelemnul.
  4622 | D:5      | Reached skill level 5 in Maces & Flails
  4627 | D:5      | Found an ornate altar of the Wu Jian Council.
  4672 | D:5      | Reached * piety under the Shining One
  4852 | D:5      | Got a brightly glowing tin ring
  4854 | D:5      | Identified the ring "Wufasuth" {rPois rN+ Will+ MP-9 Dex+3}
                  | (You found it on level 5 of the Dungeon)
  4870 | D:5      | Found Hidash's Antique Weapon Shoppe.
  4911 | D:4      | Bought an encrusted chain mail for 266 gold pieces
  4912 | D:4      | Identified the +5 chain mail "Damnable Contraption" {-Tele
                  | rF+++ rC+ SInv} (You bought it in a shop on level 4 of the
                  | Dungeon)
  4993 | D:5      | Reached XP level 8. HP: 51/51 MP: 0/8
  5053 | D:5      | Noticed Blork the orc
  5064 | D:5      | Killed Blork the orc
  5071 | D:5      | Found a white marble altar of Elyvilon.
  5223 | D:6      | Found a burning altar of Makhleb.
  5282 | D:6      | Found a blossoming altar of Fedhas.
  5522 | D:6      | Found an opulent altar of Gozag.
  5641 | D:6      | Found an ancient bone altar of Kikubaaqudgha.
  5926 | D:6      | Reached ** piety under the Shining One
  6074 | D:7      | Found a shimmering altar of Xom.
  6074 | D:7      | Noticed a two-headed ogre
  6230 | D:7      | Noticed a slime creature
  6361 | D:6      | Killed a slime creature
  6362 | D:6      | Reached XP level 9. HP: 40/59 MP: 0/9
  6521 | D:7      | Found a radiant altar of Vehumet.
  6523 | D:7      | Found a stormy altar of Qazlal.
  6613 | D:7      | Killed a two-headed ogre
  6695 | D:7      | Noticed Maggie
  6723 | D:7      | Killed Maggie
  6738 | D:7      | Found a burning altar of Makhleb.
  6848 | D:7      | Found a radiant altar of Vehumet.
  6912 | D:7      | Reached XP level 10. HP: 66/66 MP: 1/10
  7128 | D:8      | Noticed Erica
  7149 | D:8      | Killed Erica
  7243 | D:8      | Noticed Psyche
  7253 | D:8      | Killed Psyche
  7415 | D:8      | Reached skill level 10 in Fighting
  7415 | D:8      | Reached skill level 10 in Armour
  7448 | D:8      | Found a shadowy altar of Dithmenos.
  7448 | D:8      | Noticed a two-headed ogre
  8314 | D:8      | Killed a two-headed ogre
  8410 | D:9      | Reached *** piety under the Shining One
  8500 | D:9      | Noticed an ettin
  8502 | D:9      | Found a runed translucent gate.
  8503 | D:9      | Found a runed translucent gate.
  8504 | D:9      | Found a runed translucent gate.
  8504 | D:9      | Noticed Raspi's ghost (novice FoHu)
  8514 | D:9      | Noticed Grum
  8641 | D:9      | Noticed Prince Ribbit
  8665 | D:8      | Reached XP level 11. HP: 59/73 MP: 2/11
  8708 | D:8      | Killed Prince Ribbit
  8760 | D:9      | Noticed a two-headed ogre
  9004 | D:9      | Noticed a two-headed ogre
  9015 | D:9      | Reached **** piety under the Shining One
  9017 | D:9      | Killed Grum
  9151 | D:8      | Noticed a fire crab
  9151 | D:8      | a two-headed ogre changed into a fire crab
  9162 | D:8      | Killed a fire crab
  9163 | D:8      | Reached skill level 10 in Maces & Flails
  9228 | D:9      | Killed a two-headed ogre
  9755 | D:10     | Entered Level 10 of the Dungeon
  9755 | D:10     | Noticed a death yak
  9761 | D:10     | Noticed a two-headed ogre
  9922 | D:10     | Noticed a death yak
  9923 | D:10     | Noticed a death yak
 10212 | D:10     | Noticed a shock serpent
 10212 | D:10     | a two-headed ogre changed into a shock serpent
 10232 | D:9      | Killed a shock serpent
 10388 | D:9      | Killed a death yak
 10401 | D:9      | Killed a death yak
 10402 | D:9      | Reached XP level 12. HP: 27/81 MP: 3/12
 10732 | D:9      | Killed a death yak
 10877 | D:10     | Found a staircase to the Lair.
 11002 | D:10     | Found a staircase to the Orcish Mines.
 11625 | D:11     | Reached skill level 5 in Shields
 11700 | D:11     | Noticed an eight-headed hydra
 11754 | D:10     | Killed an eight-headed hydra
 11958 | D:11     | Noticed a six-headed hydra
 11972 | D:11     | Killed a six-headed hydra
 11980 | D:11     | Reached ***** piety under the Shining One
 12238 | D:11     | Noticed Harold
 12259 | D:11     | Killed Harold
 12282 | D:11     | Found a snail-covered altar of Cheibriados.
 12469 | D:12     | Noticed a five-headed hydra
 12612 | D:12     | Noticed an eight-headed hydra
 12644 | D:12     | Killed an eight-headed hydra
 12699 | D:12     | Killed a five-headed hydra
 12700 | D:12     | Reached XP level 13. HP: 88/88 MP: 4/13
 13636 | D:13     | Found a gate to the Vaults.
 13768 | D:13     | Noticed Maurice
 13888 | D:13     | Killed Maurice
 14605 | D:14     | Noticed Josephine
 14633 | D:14     | Killed Josephine
 15512 | D:14     | Gained mutation: Your large and strong wings let you fly
                  | indefinitely. [Gargoyle growth]
 15512 | D:14     | Reached XP level 14. HP: 94/96 MP: 5/14
 15743 | D:14     | Noticed Snorg
 15758 | D:14     | Killed Snorg
 15906 | D:15     | Entered Level 15 of the Dungeon
 16098 | D:15     | Reached skill level 10 in Shields
 16256 | D:15     | Reached skill level 15 in Armour
 16375 | D:15     | Reached skill level 15 in Fighting
 16969 | D:15     | Reached ****** piety under the Shining One
 17445 | D:15     | Found a staircase to the Depths.
 17498 | D:15     | Noticed a storm dragon
 17498 | D:15     | an eight-headed hydra changed into a storm dragon
 17504 | D:15     | Noticed a purple draconian
 17504 | D:15     | a storm dragon changed into a purple draconian
 17523 | D:15     | Noticed a ghost moth
 17523 | D:15     | a purple draconian changed into a ghost moth
 17524 | D:15     | Noticed a storm dragon
 17524 | D:15     | a ghost moth changed into a storm dragon
 17535 | D:15     | Noticed an azure jelly
 17535 | D:15     | a storm dragon changed into an azure jelly
 17537 | D:15     | an azure jelly changed into an iron troll
 17609 | D:15     | Noticed a fire giant
 17609 | D:15     | an iron troll changed into a fire giant
 17618 | D:15     | Noticed a dire elephant
 17618 | D:15     | a fire giant changed into a dire elephant
 17620 | D:15     | a dire elephant changed into a six-headed hydra
 17698 | D:15     | Gained mutation: You tend to lose your temper in combat. [a
                  | shining eye]
 18029 | Orc:1    | Entered Level 1 of the Orcish Mines
 18235 | Orc:2    | Entered Level 2 of the Orcish Mines
 18267 | Orc:2    | Noticed Rupert
 18270 | Orc:2    | Reached skill level 1 in Invocations
 18270 | Orc:2    | Paralysed by Rupert for 6 turns
 18321 | Orc:1    | Killed Rupert
 18941 | Orc:1    | Found Zextac's Weapon Boutique.
 19060 | Orc:2    | Found a staircase to the Elven Halls.
 19115 | Orc:2    | Noticed Donald
 19143 | Orc:2    | HP: 2/98 [Donald/+0 vorpal long sword (9)]
 19143 | Orc:2    | Slain by Donald

Illustrated notes

Levels and vault maps discovered:
D:1:      ncdulo_halloftheorcs, layout_basic, minmay_pentomino_u2
D:2:      layout_basic
D:3:      layout_loops_ring, marbit_many_paths, uniq_crazy_yiuf_cottage
D:4:      layout_gridville, serial_shops, shop_coins, shop,
          hangedman_minor_gate_pass
D:5:      layout_rooms, kennysheep_mini_moat, nicolae_overflow_crystal_walls,
          hangedman_ru_absence, elyvilon_altar_1, minmay_temple_entry_junction,
          serial_shops, kennysheep_mini, kennysheep_cluttered_room,
          minivault_27, chequers_serial_rivers_small_3, uniq_blork_the_orc
D:6:      layout_basic, overflow_temple_1_default, old_standard_altar,
          fedhas_altar_1, basic_altar, dk_vineyard_1, kennysheep_diamond,
          corexii_item_surrounded_by_moat
D:7:      lemuel_slime, layout_basic, xom_butterflies, lemuel_doored_altar,
          grunt_temple_overflow_open, basic_altar, uniq_maggie
D:8:      layout_basic, old_standard_altar, uniq_erica, uniq_psyche
D:9:      kennysheep_ambush_hall, layout_cave_pools, gammafunk_ghost_split,
          uniq_grum, uniq_prince_ribbit1
D:10:     layout_rooms, dpeg_lair_monsters,
          kennysheep_orc_monster_closet_entryway
D:11:     layout_loops_ring, hex_medium, cheibriados_altar_1, uniq_harold
D:12:     layout_rooms
D:13:     layout_basic, hangedman_vaults_entry_quadrant_bands, uniq_maurice
D:14:     layout_irregular_city, serial_glass, glass_columns_c, glass_columns_a,
          uniq_snorg, uniq_josephine
D:15:     gammafunk_enter_depths_forms, layout_loops_ring, minivault_23
Orc:1:    layout_caves, serial_shops, nicolae_shop_behind_doors
Orc:2:    grunt_orc_tribal_feast, layout_diamond_mine,
          nicolae_orc_crystal_geode, uniq_donald, uniq_rupert

Skill      XL: |  1  2  3  4  5  6  7  8  9 10 11 12 13 14 |
---------------+-------------------------------------------+-----
Armour         | 4 5 6 7 9 10 12 13 14 15 | 15.3
Fighting       | 4 5 6 7 9 10 12 13 14 15 | 15.5
Shields        | 4 6 9 11 | 11.2
Maces & Flails | 3 4 5 6 8 9 11 12 | 12.0
Invocations    | 3 |  3.6

Action                   |  1- 3 |  4- 6 |  7- 9 | 10-12 | 13-15 || total
-------------------------+-------+-------+-------+-------+-------++-------
Melee: Whip              |   107 |   229 |   461 |  1377 |  1790 ||  3964
       Flail             |     4 |       |       |       |       ||     4
 Abil: Fly               |       |       |       |       |     1 ||     1
Evoke: Wand              |       |       |     4 |    14 |    15 ||    33
  Use: Scroll            |       |       |     3 |     1 |    25 ||    29
       Potion            |       |       |       |     5 |     6 ||    11
Armor: Scale mail        |    74 |    87 |    46 |       |       ||   207
       Chain mail        |       |       |   167 |   570 |   510 ||  1247
Dodge: Dodged            |    43 |   100 |   121 |   624 |   482 ||  1370
Block: Kite shield       |    63 |       |       |       |   187 ||   250
       Buckler           |     1 |    38 |    63 |   276 |   202 ||   580
